 Dungeon Crawl Stone Soup version 0.30-a0-583-g19bae12e61 (console) character file.

Game seed: 7548201161917912049

2188156 atomjack the Slayer (level 27, 217/217 HPs)
             Began as a Demonspawn Hunter on Dec 28, 2022.
             Was the Champion of Hepliaklqana.
             Escaped with the Orb
             ... and 4 runes on Jan 1, 2023!
             The game lasted 05:15:38 (80904 turns).

atomjack the Slayer (Demonspawn Hunter)            Turns: 80904, Time: 05:15:38

Health: 217/217    AC: 12    Str: 10    XL:     27
Magic:  39/39      EV: 47    Int: 21    God:    Hepliaklqana [******]
Gold:   3632       SH:  0    Dex: 39    Spells: 6/50 levels left

rFire   + . .      SeeInvis .    a - +9 longbow (heavy)
rCold   + . .      Faith    .    (shield currently unavailable)
rNeg    + . .      Spirit   +    y - +3 robe "Hoipees" {rElec Regen+ Str+4 Dex+4}
rPois   .          Reflect  .    h - +2 hat {Int+3}
rElec   +          Harm     .    d - scarf {rC+ rF+}
rCorr   +          Rampage  .    (gloves unavailable)
Will    +++++                    j - +0 pair of boots of Damp Curiosity {rN+ Str-4 Dex+3 Slay+3}
Stlth   +                        p - amulet of Teugueh {Regen+ rCorr Str-5 Int+6}
HPRegen 2.16/turn                g - ring of Jymuesm {Will++ rCorr AC+4}
MPRegen 0.52/turn                s - +6 ring of dexterity

@: studying Invocations
A: reduced essence, magic shield, magic regeneration, magic link, black mark,
sanguine armour 3, demonic magic 3, bedeviling, aura of silence, demonic touch
3, deterioration 1, strong-willed 1, inability to read after injury 1
0: Orb of Zot
}: 4/15 runes: decaying, slimy, silver, gossamer
a: Renounce Religion, Recall Ancestor, Ancestor Identity, Transference, Idealise


You escaped.
You worshipped Hepliaklqana.
Hepliaklqana was exalted by your worship.
You visited 12 branches of the dungeon, and saw 56 of its levels.
You also visited: Sewer, Ice Cave and Desolation.

You collected 9128 gold pieces.
You spent 5496 gold pieces at shops.

Inventory:

Hand Weapons
 a - a +9 heavy longbow (weapon)
 R - the +3 greatsling "Punk" {acid, rCorr}
   (You found it on level 2 of the Depths)

   Any ammunition fired from it is coated in acid, damaging and corroding those
   it strikes.
   rCorr:     It protects you from acid and corrosion.
Missiles
 Y - 3 throwing nets
Armour
 d - a scarf of resistance (worn)
 h - a +2 hat of intelligence (worn)
 j - the +0 pair of boots of Damp Curiosity (worn) {rN+ Str-4 Dex+3 Slay+3}
   (You found it on level 4 of the Swamp)

   Str:       It affects your strength (-4).
   Dex:       It affects your dexterity (+3).
   Slay:      It affects your accuracy & damage with ranged weapons and melee
   (+3).
   rN:        It protects you from negative energy.
 m - a +2 robe of resistance
 y - the +3 robe "Hoipees" (worn) {rElec Regen+ Str+4 Dex+4}
   (You found it on level 5 of the Pits of Slime)

   Str:       It affects your strength (+4).
   Dex:       It affects your dexterity (+4).
   rElec:     It insulates you from electricity.
   Regen:     It increases your rate of health regeneration.
 P - the +0 hat "Vuiph" {rPois rF- Str+5}
   (You found it on level 4 of the Spider Nest)

   Str:       It affects your strength (+5).
   rF:        It makes you vulnerable to fire.
   rPois:     It protects you from poison.
 V - a +2 cloak of poison resistance
Jewellery
 e - the amulet of the Catamount {Acrobat Fragile rElec rC+++ Int+4}
   (You took it off an ironbound preserver on level 5 of the Vaults)

   [amulet of the acrobat]

   It increases your evasion while moving and waiting.
   Int:       It affects your intelligence (+4).
   rC:        It renders you almost immune to cold.
   rElec:     It insulates you from electricity.
   Fragile:   It will be destroyed if unequipped.
 g - the ring of Jymuesm (left hand) {Will++ rCorr AC+4}
   (You found it in the Desolation of Salt)

   [ring of protection]

   AC:        It affects your AC (+4).
   rCorr:     It protects you from acid and corrosion.
   Will:      It greatly increases your willpower.
 l - the ring "Geczaig" {rElec rC+++ rN+ Str+5 Dex-4}
   (You took it off a vampire knight on level 3 of the Crypt)

   [ring of positive energy]

   Str:       It affects your strength (+5).
   Dex:       It affects your dexterity (-4).
   rC:        It renders you almost immune to cold.
   rElec:     It insulates you from electricity.
   rN:        It protects you from negative energy.
 p - the amulet of Teugueh (around neck) {Regen+ rCorr Str-5 Int+6}
   (You found it on level 3 of the Crypt)

   [amulet of regeneration]

   Str:       It affects your strength (-5).
   Int:       It affects your intelligence (+6).
   Regen:     It increases your rate of health regeneration.
   rCorr:     It protects you from acid and corrosion.
 s - a +6 ring of dexterity (right hand)
 t - the ring of Plog {rPois rF+ Str+3}
   (You found it on level 5 of the Pits of Slime)

   [ring of protection from fire]

   Str:       It affects your strength (+3).
   rF:        It protects you from fire.
   rPois:     It protects you from poison.
 v - the ring of Piacybiy {Fly rC- Dex+3 Stlth+}
   (You found it in the Desolation of Salt)

   [ring of flight]

   Dex:       It affects your dexterity (+3).
   rC:        It makes you vulnerable to cold.
   Fly:       It grants you flight.
   Stlth:     It makes you more stealthy.
 w - the ring of the Ant {+Blink rC- rN+++ rCorr Stlth+}
   (You took it off a fire giant on level 5 of the Vaults)

   [ring of resist corrosion]

   rC:        It makes you vulnerable to cold.
   rN:        It renders you almost immune to negative energy.
   +Blink:    It lets you blink.
   rCorr:     It protects you from acid and corrosion.
   Stlth:     It makes you more stealthy.
 F - the ring "Nuwiw" {rC+ rCorr Str-2 Slay+3}
   (You took it off a deep elf annihilator on level 3 of the Elven Halls)

   [ring of resist corrosion]

   Str:       It affects your strength (-2).
   Slay:      It affects your accuracy & damage with ranged weapons and melee
   (+3).
   rC:        It protects you from cold.
   rCorr:     It protects you from acid and corrosion.
 I - a ring of see invisible
Wands
 k - a wand of acid (25)
 r - a wand of roots (67)
 T - a wand of digging (18)
Scrolls
 b - a scroll of silence
 c - 13 scrolls of vulnerability
 i - 13 scrolls of poison
 q - 21 scrolls of teleportation
 x - 6 scrolls of immolation
 B - 10 scrolls of magic mapping
 D - 2 scrolls of butterflies
 U - 8 scrolls of fear
 W - 14 scrolls of fog
 X - 4 scrolls of torment
 Z - 5 scrolls of blinking
Potions
 n - 8 potions of lignification
 o - 9 potions of berserk rage
 u - 5 potions of resistance
 z - 18 potions of curing
 A - 7 potions of might
 C - 7 potions of brilliance
 G - 4 potions of invisibility
 J - 6 potions of attraction
 L - 6 potions of magic
 M - 11 potions of ambrosia
 N - 17 potions of heal wounds
 O - 4 potions of haste
 Q - 3 potions of cancellation
 S - 14 potions of flight
Miscellaneous
 E - a phantom mirror
 H - a phial of floods


   Skills:
 + Level 25.5 Fighting
 + Level 23.4 Ranged Weapons
 - Level 7.0 Armour
 + Level 23.0 Dodging
 - Level 0.8 Stealth
 - Level 12.0 Spellcasting
 + Level 25.2 Hexes
 - Level 4.7 Translocations
 - Level 15.0 Invocations
 - Level 8.0 Evocations


You had 6 spell levels left.
You knew the following spells:

 Your Spells              Type           Power      Damage    Failure   Level
a - Portal Projectile     Hex/Tloc       100%       N/A       1%          3
b - Apportation           Tloc           64%        N/A       1%          1
c - Passage of Golubria   Tloc           32%        N/A       8%          4
d - Inner Flame           Hex/Fire       78%        N/A       1%          3
e - Yara's Violent Unrav  Hex/Tmut       39%        3d16      1%          5
f - Cause Fear            Hex            54%        N/A       0%          4
g - Discord               Hex            54%        N/A       1%          8
h - Metabolic Englaciati  Hex/Ice        39%        N/A       1%          5
i - Enfeeble              Hex            54%        N/A       1%          7
j - Leda's Liquefaction   Hex/Erth       39%        N/A       1%          4

Your spell library contained the following spells:

 Spells                   Type           Power      Damage    Failure   Level
 Slow                     Hex            100%       N/A       0%          1
 Confusing Touch          Hex            100%       N/A       0%          3
 Tukima's Dance           Hex            100%       N/A       0%          3
 Ensorcelled Hibernation  Hex/Ice        100%       N/A       1%          2
 Dazzling Flash           Conj/Hex       100%       N/A       1%          3
 Summon Mana Viper        Hex/Summ       78%        N/A       1%          5
 Gell's Gravitas          Tloc           32%        N/A       2%          3
 Lesser Beckoning         Tloc           64%        N/A       2%          3
 Teleport Other           Tloc           32%        N/A       2%          3
 Freeze                   Ice            48%        1d6       5%          1
 Kiss of Death            Conj/Necr      48%        2d9       5%          1
 Magic Dart               Conj           48%        1d5       5%          1
 Sandblast                Erth           24%        2d8       5%          1
 Shock                    Conj/Air       48%        1d6       5%          1
 Sting                    Tmut/Pois      48%        1d5       5%          1
 Vhi's Electric Charge    Tloc/Air       44%        N/A       6%          3
 Call Imp                 Summ           12%        N/A       8%          2
 Passwall                 Tmut/Erth      10%        N/A       8%          2
 Scorch                   Fire           24%        2d6       8%          2
 Searing Ray              Conj           24%        2d5       8%          2
 Sublimation of Blood     Necr           12%        N/A       8%          2
 Kindle Blastsparks       Fire/Tloc/Air  38%        2d13      9%          3
 Call Canine Familiar     Summ           12%        N/A       16%         3
 Frozen Ramparts          Ice            24%        1d4       16%         3
 Hailstorm                Conj/Ice       12%        3d5       16%         3
 Ignite Poison            Fire/Tmut/Pois 12%        N/A       16%         3
 Mephitic Cloud           Conj/Pois/Air  12%        N/A       16%         3
 Spider Form              Tmut/Pois      12%        N/A       16%         3
 Stone Arrow              Conj/Erth      24%        3d8       16%         3
 Swiftness                Air            12%        N/A       16%         3
 Vampiric Draining        Necr           12%        2d6       16%         3
 Iskenderun's Mystic Bla  Conj/Tloc      22%        2d6       21%         4
 Airstrike                Air            6%         2d(1-17)  45%         4
 Animate Armour           Summ/Erth      24%        N/A       45%         4
 Dispel Undead            Necr           12%        3d9       45%         4
 Flame Wave               Conj/Fire      12%        2d6       45%         4
 Ice Form                 Ice/Tmut       12%        N/A       45%         4
 Olgreb's Toxic Radiance  Pois           12%        N/A       45%         4
 Petrify                  Tmut/Erth      12%        N/A       45%         4
 Sticky Flame             Conj/Fire      12%        2d4       45%         4
 Summon Ice Beast         Ice/Summ       12%        N/A       45%         4
 Summon Lightning Spire   Summ/Air       12%        N/A       45%         4
 Summon Forest            Summ/Tloc      11%        N/A       50%         5
 Dispersal                Tloc           16%        N/A       75%         6
 Alistair's Intoxication  Tmut/Pois      8%         N/A       82%         5
 Arcjolt                  Conj/Air       6%         1d16      82%         5
 Blade Hands              Tmut           6%         N/A       82%         5
 Freezing Cloud           Conj/Ice/Air   6%         6-21      82%         5
 Irradiate                Conj/Tmut      6%         3d13      82%         5
 Iskenderun's Battlesphe  Conj           12%        2d7       82%         5
 Lee's Rapid Deconstruct  Erth           6%         3d6*      82%         5
 Lightning Bolt           Conj/Air       6%         1d18      82%         5
 Conjure Ball Lightning   Conj/Air       6%         3x3d6     100%        6
 Eringya's Noxious Bog    Tmut/Pois      6%         N/A       100%        6
 Iron Shot                Conj/Erth      6%         9d2       100%        6
 Simulacrum               Ice/Necr       6%         N/A       100%        6
 Starburst                Conj/Fire      6%         6d4       100%        6
 Statue Form              Tmut/Erth      8%         N/A       100%        6
 Summon Cactus Giant      Summ           6%         N/A       100%        6
 Dragon Form              Tmut           6%         N/A       100%        7
 Monstrous Menagerie      Summ           6%         N/A       100%        7
 Summon Hydra             Summ           6%         N/A       100%        7
 Borgnjor's Revivificati  Necr           6%         N/A       100%        8
 Ignition                 Fire           6%         3d4       100%        8
 Lehudib's Crystal Spear  Conj/Erth      6%         10d3      100%        8
 Maxwell's Capacitive Co  Air            6%         ∞         100%        8
 Dragon's Call            Summ           6%         N/A       100%        9
 Polar Vortex             Ice            6%         N/A       100%        9


Dungeon Overview and Level Annotations

Branches:
Dungeon (15/15)            Temple (1/1) D:6            Lair (5/5) D:8
  Swamp (4/4) Lair:2       Spider (4/4) Lair:2        Slime (5/5) Lair:5
    Orc (2/2) D:9             Elf (3/3) Orc:2        Vaults (5/5) D:13
  Crypt (3/3) Vaults:2       Tomb (0/3) Crypt:3      Depths (4/4) D:15
    Zot (5/5) Depths:4      Sewer (visited)           IceCv (visited)
Desolation (visited)

Altars:
Ashenzari
Cheibriados
Dithmenos
Fedhas
Gozag
Hepliaklqana
Kikubaaqudgha
Makhleb
Nemelex Xobeh
Okawaru
Qazlal
Ru
Sif Muna
Trog
Uskayaw
Vehumet
Wu Jian
Xom
Yredelemnul
Jiyva
Lugonu

Shops:
Orc:2 (![:**   Elf:1 (   Elf:3 =::   Vaults:1 =   Vaults:4 (   Depths:3 :

Portals:
Hell: Depths:1 Depths:2 Depths:3 Depths:4
Abyss: Lair:5 Depths:2 Depths:3 Depths:4
Pandemonium: Depths:1 Depths:2
Ziggurat: Depths:4
Trove: D:13 (give 6 scrolls of blinking)

Annotations:
D:14 Agnes
Lair:2 exclusion: 3 doors
Swamp:4 3 runed translucent doors, exclusion: 3 doors, Cuunut's ghost, adept DjIE; Olotiloxki's ghost, adept HOFi; PirateVox's ghost, adept GnRe; glosham's ghost, veteran KoHW


Innate Abilities, Weirdness & Mutations

Your life essence is reduced to manifest your ancestor. (-10% HP)
When hurt, damage is shared between your health and your magic reserves.
You regenerate magic rapidly.
When low on magic, you restore magic in place of health.
Your melee attacks may debilitate your foes.
When seriously injured, your blood forms very thick armour. (AC +0)
Spells you cast and wands you use may paralyse nearby enemies.
Your hexes are more powerful.
You are surrounded by an aura of silence.
Your touch may irresistibly damage your foes and sap their willpower.
Your body sometimes deteriorates upon taking damage.
You are strong-willed. (Will+)
You occasionally lose the ability to read scrolls when taking damage.


Message History

There is a stone staircase leading up here.
You climb upwards.
There is a stone staircase leading down, spattered with blood here.
You see here a +0 ring mail.
There is a stone staircase leading up here.
You climb upwards.
There is a stone staircase leading down here.
Things that are here:
3 scrolls of noise; a +0 whip
There is a stone staircase leading up here.
You climb upwards.
There is a stone staircase leading down here.
You swap places.
You see here a +0 rapier.
There is a stone staircase leading up here.
You climb upwards.
There is a stone staircase leading down here.
There is a stone staircase leading up here.
You climb upwards.
There is a stone staircase leading down here.
You swap places.
Things that are here:
a +0 leather armour; a +0 club
There is a stone staircase leading up here.
You climb upwards.
There is a stone staircase leading down here.
There is a stone staircase leading up here.
You climb upwards.
There is a stone staircase leading down here.
A tormentor comes into view.
You shoot an arrow. The arrow barely misses the tormentor.
You shoot an arrow. The arrow hits the tormentor!!!
You kill the tormentor!
(D) Dungeon (T) Temple (L) Lair (S) Swamp (N) Spider Nest (M) Slime Pits (O) Orcish Mines (E) Elven Halls (V) Vaults (C) Crypt (W) Tomb (U) Depths (H) Hell (Z) Zot
Where to? (Enter - D:1 @ (x,y), ? - help)
There is a staircase leading out of the dungeon here.
You have escaped!

#......# #........
#......# #.(......
#......#
###........
###....#
#.......... ######
#..........
#....####.. #....#
#.. #....# #..
#....# #.. #####
#....# #..
####.@R#####....#
#..
#...8.8...##....#
#..
#.........##....#
#..
###.........##....#
#..
#.................#
#..
########..........#
#.. ############
#.. ###


You could see the friendly Lwandle the battlemage.

Vanquished Creatures
  the Royal Jelly (Slime:5)
  4 orbs of fire (Zot:5)
  An ancient lich (Zot:4)
  A dread lich (Zot:5)
  Mara (Depths:3)
  A juggernaut (Depths:1)
  Vv (Crypt:3)
  Sojobo (Crypt:2)
  2 pandemonium lords (Zot:4)
  4 Killer Klowns (Zot:5)
  Xtahua (Crypt:2)
  the Lernaean hydra (Swamp:4)
  Saint Roka (Vaults:2)
  Frederick (Crypt:3)
  5 curse toes
  4 caustic shrikes
  Jory (Crypt:2)
  2 profane servitors (Crypt:3)
  6 golden dragons
  3 bone dragons
  A Tzitzimitl (Crypt:3)
  The ghost of Ijustatesigmund the Dancer, a veteran KoGl of Uskayaw (Vaults:3)
  3 doom hounds
  2 electric golems (Zot:5)
  An Ice Fiend (IceCv)
  21 tentacled monstrosities
  Mlioglotl (Swamp:2)
  The ghost of Deveroux the Acrobat, an adept MfMo of Okawaru (Spider:4)
  A walking earthen tome (Depths:3)
  19 Orb Guardians
  2 deep elf master archers (Elf:3)
  Grunn (Crypt:3)
  6 liches
  2 deep elf blademasters
  A titan (Vaults:4)
  6 quicksilver dragons
  12 acid blobs
  Frances (Spider:1)
  10 death cobs
  5 sphinxes
  13 ancient champions
  9 tengu reavers
  4 shadow dragons
  2 thorn hunters
  Roxanne (D:15)
  25 storm dragons
  3 revenants
  10 azure jellies
  5 rockslimes
  6 draconian monks
  14 frost giants
  5 fire giants
  3 emperor scorpions
  14 vault wardens
  4 deep elf sorcerers
  A fenstrider witch (Swamp:3)
  2 iron dragons (Vaults:5)
  A caustic shrike zombie (Crypt:3)
  9 ghost moths
  2 imperial myrmidons (Desolation)
  Louise (Depths:4)
  4 draconian annihilators
  4 draconian knights
  An orc warlord (Orc:1)
  3 draconian stormcallers
  3 deep elf elementalists (Elf:3)
  3 war gargoyles
  A curse skull (Elf:2)
  9 ghouls
  10 ironbound preservers
  6 quicksilver oozes
  18 stone giants
  A broodmother (Spider:2)
  2 reapers
  28 very ugly things
  A quicksilver ooze (shapeshifter) (Vaults:4)
  A putrid mouth (Crypt:3)
  3 ironbound thunderhulks
  10 dire elephants
  9 vampire knights
  8 green draconians
  A demonspawn black sun (Depths:4)
  12 black draconians
  5 purple draconians
  8 bunyips
  4 eleionomae
  10 spark wasps
  4 deep elf demonologists
  7 deep elf annihilators
  5 red draconians
  3 halazid warlocks (Desolation)
  10 deep elf death magi
  8 yellow draconians
  4 crystal guardians
  6 white draconians
  4 eidola
  A green death (Zot:4)
  16 ettins
  A spectral elf (Elf:2)
  9 fire dragons
  6 deep elf high priests
  14 jiangshi
  7 great orbs of eyes
  6 entropy weavers
  7 ragged hierophants (Desolation)
  13 yaktaur captains
  2 rakshasas (Depths:1)
  2 hell beasts (Depths:3)
  3 servants of whispers (Desolation)
  8 ice dragons
  A ghost crab (Swamp:1)
  The ghost of Frosty the Reanimator, a journeyman GnNe of Yredelemnul (Lair:2)
  11 hydras
  5 ironbound frosthearts
  5 spriggan air magi
  6 vault guards
  Erica (Lair:2)
  2 jorogumos
  10 boulder beetles
  11 peacekeepers
  9 centaur warriors
  A death knight (Crypt:1)
  4 ogre magi
  20 two-headed ogres
  A two-headed ogre (shapeshifter) (Depths:4)
  23 dancing weapons
  17 deep troll earth magi
  10 tengu warriors
  8 vampire magi
  3 death scarabs (Spider:4)
  3 thrashing horrors (Lair:5)
  3 hell hogs (Zot:3)
  5 alligators
  4 death yaks (Lair:5)
  A shock serpent (shapeshifter) (Vaults:4)
  A bennu skeleton (Crypt:1)
  6 deep troll shamans
  4 spriggan berserkers
  16 hell knights
  2 soul eaters (Crypt:3)
  13 deep elf knights
  A storm dragon zombie (Crypt:1)
  A sun demon (Depths:1)
  27 skeletal warriors
  A fire crab (shapeshifter) (Depths:4)
  11 iron trolls
  A spectral spark wasp (Spider:4)
  5 pharaoh ants
  2 anaconda zombies
  2 goliath frogs (Swamp:3)
  A swamp dragon (shapeshifter) (Depths:4)
  A shadow demon (Depths:2)
  9 steelbarb worms
  2 flayed ghosts
  6 glowing orange brains
  3 elf simulacra (Elf:2)
  An orb spider (shapeshifter) (D:11)
  11 swamp dragons
  2 lindwurms (Vaults:4)
  2 spriggan druids (Swamp:3)
  36 deep trolls
  12 phantasmal warriors
  9 deep elf archers
  3 orb spiders
  9 bog bodies
  A spectral broodmother (Spider:4)
  4 spriggan simulacra (IceCv)
  2 broodmother zombies (Spider:4)
  2 obsidian statues
  15 ironbound convokers
  A spectral jorogumo (Spider:4)
  2 necromancers
  An orc knight (Orc:1)
  3 shining eyes
  A wolf spider zombie (Crypt:2)
  7 wizards
  2 spectral wolf spiders (Spider:4)
  26 deep elf zephyrmancers
  4 harpies (Vaults:1)
  32 ugly things
  22 deep elf pyromancers
  A cyclops (D:13)
  2 manticores
  15 wolf spiders
  11 will-o-the-wisps
  4 orc sorcerers
  4 elephants (Lair:5)
  3 salamanders (Depths:3)
  22 moths of wrath
  A jorogumo skeleton (Crypt:2)
  16 vault sentinels
  Maurice (D:8)
  A rust devil (Depths:2)
  A stone giant skeleton (Crypt:2)
  2 molten gargoyles
  3 black mambas
  2 smoke demons (Lair:5)
  3 guardian serpents (Desolation)
  Maggie (D:7)
  2 torpor snails
  An unseen horror (shapeshifter) (D:14)
  21 eyes of devastation
  A gargoyle (D:12)
  11 cane toads
  A death yak zombie (Crypt:3)
  9 demonic crawlers
  A catoblepas zombie (Crypt:3)
  23 yaktaurs
  2 spark wasp simulacra (Spider:4)
  2 tengu conjurers
  A spectral redback (Spider:4)
  12 freezing wraiths
  2 hellwings (Depths:1)
  4 komodo dragons
  3 tormentors
  4 ice devils (IceCv)
  An anaconda simulacrum (IceCv)
  A guardian mummy (Crypt:3)
  An ancient zyme (Lair:5)
  3 meliai (Spider:3)
  A red devil (Depths:1)
  An alligator snapping turtle skeleton (Crypt:2)
  A minotaur skeleton (Crypt:3)
  A hydra zombie (Crypt:1)
  6 trolls
  A bloated husk (Swamp:1)
  A catoblepas skeleton (Crypt:1)
  3 spectral tarantellas (Spider:4)
  A tarantella (shapeshifter) (Depths:3)
  12 hornets
  A hornet (shapeshifter) (Elf:2)
  A meliai (shapeshifter) (D:14)
  3 spectral jumping spiders (Spider:4)
  4 tyrant leeches
  12 blink frogs
  A broodmother simulacrum (Spider:4)
  2 jumping spider zombies (Spider:4)
  3 harpy skeletons
  2 polar bears
  An ettin zombie (Crypt:2)
  A culicivora zombie (Spider:4)
  A great orb of eyes zombie (Crypt:3)
  A large abomination (Lair:5)
  38 saltlings
  29 tarantellas
  2 tarantella zombies
  45 slime creatures
  26 jumping spiders
  2 air elementals
  2 dire elephant simulacra (IceCv)
  17 spriggans
  A death drake skeleton (Crypt:1)
  A centaur simulacrum (D:15)
  3 shadows
  17 culicivoras
  2 wyverns
  8 flying skulls
  Sigmund (D:5)
  9 wraiths
  2 ynoxinuls
  A black mamba skeleton (Crypt:2)
  An ice dragon skeleton (Crypt:2)
  32 yaks
  4 vampires
  A water elemental (Elf:3)
  4 fire elementals
  2 basilisks (Lair:5)
  8 golden eyes
  A basilisk (shapeshifter) (Depths:4)
  42 redbacks
  Eustachio (D:4)
  A neqoxec (Depths:2)
  Menkaure (D:7)
  3 vampire mosquitoes
  4 minotaur simulacra (IceCv)
  6 chaos spawn
  2 steam dragons (D:8)
  A deep troll zombie (Crypt:3)
  A warg (Vaults:2)
  11 swamp worms
  An acid dragon (D:12)
  A hydra simulacrum (IceCv)
  12 water moccasins
  A floating eye (Depths:4)
  3 hell hounds (Spider:2)
  A naga skeleton (Crypt:2)
  4 swamp drakes (Swamp:4)
  17 orc warriors
  An ice beast (D:5)
  A sky beast (D:7)
  20 ogres
  7 black bears
  6 wolves
  20 centaurs
  4 kobold brigands
  A cyclops zombie (Crypt:1)
  A deep troll simulacrum (IceCv)
  A draconian skeleton (Crypt:3)
  5 gnoll sergeants
  5 necrophages
  8 bullfrogs
  2 earth elementals
  3 scorpions
  7 small abominations (Lair:5)
  6 wights
  Dowan (D:4)
  A polar bear zombie (Crypt:2)
  8 killer bees
  2 lindwurm simulacra (IceCv)
  2 electric eels
  A spriggan skeleton (Crypt:2)
  A shapeshifter skeleton (Crypt:2)
  5 howler monkeys
  8 hounds
  14 orc priests
  9 jellies
  Crazy Yiuf (D:7)
  A gnoll bouda (D:8)
  Ijyb (D:4)
  8 iguanas
  16 orc wizards
  Natasha (thrice) (D:3)
  A hell rat (Depths:4)
  11 mummies (Crypt:3)
  16 adders
  14 gnolls
  6 river rats (Sewer)
  3 shadow imps
  2 white imps
  2 ufetubi
  A lava snake zombie (Crypt:3)
  5 worms
  A dart slug (D:3)
  57 orcs
  5 bats
  8 endoplasms
  5 giant cockroaches
  9 goblins
  6 hobgoblins
  13 jackals
  18 kobolds
  A quokka (D:2)
  12 ball pythons
  10 frilled lizards
  A jackal skeleton (Crypt:3)
  A quokka zombie (Crypt:1)
  28 rats
  2 lost souls (Elf:2)
2124 creatures vanquished.

Vanquished Creatures (collateral kills)
  3 orbs of fire (Zot:5)
  A curse toe (Zot:5)
  2 caustic shrikes (Depths:4)
  2 golden dragons
  A Brimstone Fiend (Zot:4)
  A bone dragon (Depths:3)
  8 tentacled monstrosities
  2 titans (Vaults:5)
  An Ice Fiend (IceCv)
  A lich (Crypt:3)
  8 Orb Guardians (Zot:5)
  4 quicksilver dragons
  3 deep elf blademasters
  7 acid blobs
  Gastronok (Lair:2)
  4 death cobs
  A tengu reaver (Vaults:5)
  3 storm dragons
  A sphinx (Depths:3)
  2 draconian monks
  2 shadow dragons (Vaults:5)
  3 azure jellies
  2 revenants (Crypt:3)
  A fire giant (Depths:3)
  A frost giant (Depths:1)
  2 deep elf sorcerers (Elf:3)
  A draconian scorcher (Zot:1)
  5 draconian knights
  A ghost moth (Spider:4)
  A deep elf elementalist (Elf:3)
  A curse skull (Crypt:3)
  2 draconian annihilators (Zot:3)
  2 draconian shifters
  7 stone giants
  2 quicksilver oozes (Slime:5)
  5 ghouls
  A war gargoyle (Vaults:5)
  5 ironbound preservers
  A reaper (D:13)
  A broodmother (Spider:2)
  An ironbound thunderhulk (Vaults:1)
  6 vampire knights
  7 very ugly things
  5 black draconians
  5 green draconians
  A minotaur (Lair:2)
  A lorocyproca (Depths:2)
  A putrid mouth (Crypt:3)
  2 eleionomae (Swamp:4)
  A deep elf demonologist (Elf:3)
  2 red draconians
  3 dire elephants
  A deep elf annihilator (Vaults:5)
  2 purple draconians
  A white draconian (Depths:4)
  A bunyip (Swamp:3)
  A green death (Depths:4)
  2 eidola (Crypt:3)
  Azrael (Spider:2)
  4 yellow draconians
  3 deep elf death magi
  3 fire dragons (Depths:3)
  3 ettins
  Josephine (Spider:1)
  2 jiangshi (Crypt:1)
  2 shambling mangroves
  2 yaktaur captains
  24 vault guards
  An entropy weaver (Spider:1)
  2 great orbs of eyes
  2 servants of whispers
  3 spriggan air magi
  An ice dragon (Depths:3)
  6 hydras
  A peacekeeper (Desolation)
  3 ogre magi
  5 centaur warriors
  4 alligators
  An ironbound frostheart (Vaults:3)
  7 two-headed ogres
  A radroach (Spider:1)
  A death knight (Crypt:1)
  2 death scarabs (Spider:4)
  A hell hog (Zot:3)
  A satyr (shapeshifter) (Lair:5)
  4 dancing weapons
  A deep troll earth mage (Depths:2)
  5 vampire magi
  A spriggan berserker (Depths:3)
  2 tengu warriors (Depths:3)
  3 deep troll shamans
  A soul eater (Depths:4)
  4 orc high priests (Orc:1)
  Urug (D:13)
  A sun demon (Depths:2)
  3 deep elf knights
  Nergalle (D:8)
  2 sixfirhies
  2 pharaoh ants
  4 shadow wraiths
  A bunyip zombie (Crypt:1)
  A spark wasp zombie (Crypt:1)
  2 spriggan druids
  3 steelbarb worms
  An elf simulacrum (Elf:2)
  9 skeletal warriors
  2 goliath frogs
  2 flayed ghosts
  A sun moth (Spider:2)
  20 deep trolls
  A wizard (D:11)
  A bog body (Swamp:1)
  A shadow demon (Depths:1)
  2 swamp dragons (Swamp:4)
  An orb spider (Spider:4)
  A spriggan simulacrum (IceCv)
  2 glowing orange brains
  2 phantasmal warriors
  A spectral jorogumo (Spider:4)
  A harpy (Vaults:1)
  4 ironbound convokers
  A mana viper (shapeshifter) (D:14)
  A goliath frog zombie (Crypt:1)
  4 wolf spiders
  A deep elf zephyrmancer (Elf:1)
  An orc sorcerer (Orc:1)
  4 deep elf pyromancers
  16 ugly things
  2 will-o-the-wisps
  A large abomination (Depths:4)
  A shining eye (shapeshifter) (Vaults:2)
  A salamander (D:15)
  8 elephants
  4 battlemagi
  6 moths of wrath
  An elephant (shapeshifter) (Vaults:2)
  An iron dragon skeleton (Crypt:2)
  A shining eye (Slime:1)
  A stone giant skeleton (Crypt:1)
  A black mamba (shapeshifter) (D:15)
  2 rust devils
  A guardian serpent (Desolation)
  6 vault sentinels
  A demonic crawler (Spider:1)
  A molten gargoyle (Depths:3)
  An eye of devastation (Depths:2)
  An orange demon (Depths:2)
  4 cane toads
  A torpor snail (Spider:3)
  A gargoyle (D:12)
  2 unseen horrors
  A pale draconian zombie (Crypt:1)
  A kobold demonologist (D:13)
  Psyche (D:11)
  4 yaktaurs (Vaults:5)
  An efreet (D:14)
  2 komodo dragons
  A spectral redback (Spider:4)
  An anaconda simulacrum (IceCv)
  2 rime drakes
  2 ice devils (Depths:2)
  A hellwing (Depths:2)
  A pale draconian skeleton (Crypt:3)
  2 tengu conjurers (D:13)
  A golden dragon simulacrum (IceCv)
  A troll (D:9)
  2 polar bears
  A tyrant leech (Swamp:3)
  A spectral jumping spider (Spider:4)
  9 hornets
  6 blink frogs
  8 saltlings
  5 tarantellas
  A jumping spider zombie (Spider:4)
  A tarantella zombie (Spider:4)
  25 slime creatures
  A ynoxinul (Lair:5)
  A vampire (Crypt:3)
  12 spriggans
  4 culicivoras
  4 jumping spiders
  A flying skull (Crypt:3)
  4 wraiths
  A wyvern (Lair:3)
  15 yaks
  A fire elemental (Spider:2)
  7 golden eyes
  4 vampire mosquitoes
  7 basilisks
  A neqoxec (Depths:2)
  18 redbacks
  3 swamp worms
  Duvessa (D:4)
  2 water moccasins (Lair:3)
  2 hell hounds (Spider:2)
  A floating eye (Depths:3)
  2 swamp drakes (Swamp:4)
  5 orc warriors
  A black bear (Lair:3)
  A snapping turtle zombie (Crypt:2)
  4 small abominations
  8 ogres
  4 centaurs
  A phantom (Depths:4)
  2 bullfrogs
  A gnoll sergeant (D:9)
  A scorpion (Depths:4)
  A wight (D:10)
  A killer bee (D:7)
  An orc priest (Orc:1)
  9 orc wizards
  A mummy (Crypt:3)
  A gnoll (D:9)
  8 orcs
  An endoplasm (Lair:5)
  A kobold (D:8)
628 creatures vanquished.

Vanquished Creatures (others)
  An Orb Guardian (Zot:5)
  2 draconian knights (Zot:1)
  A draconian annihilator (Zot:2)
  A yellow draconian (Zot:3)
  A yaktaur captain (Vaults:5)
  An ice dragon (Depths:4)
  A bloated husk (Swamp:2)
  A redback (Spider:2)
  103 battlemagi
  An ancestor (D:9)
  55 foxfires
  31 fungi
  4 pillars of salt (Desolation)
  49 plants
  2 withered plants (Desolation)
254 creatures vanquished.

Grand Total: 3006 creatures vanquished

Notes
Turn   | Place    | Note
-------+----------+-------------------------------------------
     0 | D:1      | atomjack the Demonspawn Hunter began the quest for the Orb.
     0 | D:1      | Reached XP level 1. HP: 16/16 MP: 1/1
    55 | D:1      | Gained mutation: Spells you cast may paralyse adjacent
                  | enemies. [demonic ancestry]
    55 | D:1      | Reached XP level 2. HP: 22/22 MP: 2/2
   494 | D:1      | Reached XP level 3. HP: 28/28 MP: 3/3
   920 | D:2      | Gained mutation: When seriously injured, your blood forms
                  | armour. (AC +0) [demonic ancestry]
   920 | D:2      | Reached XP level 4. HP: 20/34 MP: 4/4
  1459 | D:2      | Reached skill level 5 in Ranged Weapons
  1547 | D:3      | Noticed Natasha
  1556 | D:3      | Killed Natasha
  1557 | D:3      | Reached skill level 1 in Armour
  1648 | D:3      | Noticed Natasha
  1658 | D:3      | Killed Natasha
  1659 | D:3      | Reached XP level 5. HP: 25/39 MP: 5/5
  1833 | D:3      | Noticed Natasha
  1840 | D:3      | Killed Natasha
  2119 | D:3      | Found a faded altar of an unknown god.
  2660 | D:4      | Reached XP level 6. HP: 43/46 MP: 6/6
  2713 | D:4      | Found an iron altar of Okawaru.
  2743 | D:4      | Noticed Eustachio
  3115 | D:4      | Killed Eustachio
  3253 | D:4      | Found a transporter.
  3272 | D:4      | Noticed Duvessa
  3306 | D:5      | Entered Level 5 of the Dungeon
  3469 | D:5      | Identified a scroll of acquirement
  3470 | D:5      | Acquired a +4 heavy longbow
  3574 | D:5      | Found a glowing drain.
  3602 | Sewer    | Entered a sewer
  3725 | Sewer    | Gained mutation: When seriously injured, your blood forms
                  | thick armour. (AC +0) [demonic ancestry]
  3725 | Sewer    | Reached XP level 7. HP: 48/51 MP: 7/7
  4279 | D:5      | Noticed Sigmund
  4315 | D:4      | Upgraded the game from 0.30-a0-561-g1b0378597e to
                  | 0.30-a0-570-g486de37d69
  4426 | D:4      | Noticed Ijyb
  4455 | D:4      | Killed Ijyb
  4583 | D:4      | Found a transporter.
  4839 | D:5      | Gained mutation: Spells you cast may paralyse nearby
                  | enemies. [demonic ancestry]
  4839 | D:5      | Reached XP level 8. HP: 37/57 MP: 8/8
  5782 | D:6      | Found a staircase to the Ecumenical Temple.
  5913 | D:6      | Reached skill level 10 in Ranged Weapons
  6234 | D:6      | Found an ornate altar of the Wu Jian Council.
  6437 | Temple   | Entered the Ecumenical Temple
  6484 | Temple   | Became a worshipper of Hepliaklqana the Forgotten
  6677 | D:7      | Noticed Maggie
  6681 | D:7      | Noticed Menkaure
  6694 | D:7      | HP: 2/57 [Maggie/bolt of fire (8)]
  6696 | D:7      | Gained mutation: You are weak. (Str -2) [potion of
                  | mutation]
  6700 | D:7      | HP: 2/85 [Maggie/+0 long sword (2)]
  6705 | D:7      | Killed Maggie
  6705 | D:7      | Killed Menkaure
  6706 | D:7      | Reached XP level 9. HP: 22/62 MP: 9/9
  7043 | D:7      | Found a shadowy altar of Dithmenos.
  8474 | D:8      | Gained mutation: Your touch may inflict minor irresistible
                  | damage on your foes. [demonic ancestry]
  8474 | D:8      | Reached XP level 10. HP: 69/69 MP: 10/10
  8476 | D:8      | Noticed a manticore
  8523 | D:7      | HP: 3/69 [manticore (13)]
  9407 | D:8      | Found a staircase to the Lair.
  9554 | D:8      | Noticed Maurice
  9670 | D:8      | Killed Maurice
  9933 | D:8      | Reached skill level 15 in Ranged Weapons
  9977 | D:8      | Reached * piety under Hepliaklqana
 10700 | D:9      | Noticed an angel
 10825 | D:9      | Found a blossoming altar of Fedhas.
 11148 | D:9      | Gained mutation: When seriously injured, your blood forms
                  | very thick armour. (AC +0) [demonic ancestry]
 11148 | D:9      | Reached XP level 11. HP: 67/67 MP: 11/11
 11556 | D:9      | Found a staircase to the Orcish Mines.
 11705 | D:10     | Entered Level 10 of the Dungeon
 11777 | D:10     | Reached ** piety under Hepliaklqana
 11778 | D:10     | Remembered your ancestor Lwandle as a battlemage
 11785 | D:10     | Acquired a +2 shortbow of electrocution
 11844 | D:10     | Noticed a two-headed ogre
 11850 | D:10     | Killed a two-headed ogre
 11910 | D:10     | Found an opulent altar of Gozag.
 12705 | Lair:1   | Entered Level 1 of the Lair of Beasts
 13039 | Lair:1   | Noticed Nergalle
 13128 | Lair:1   | Reached skill level 5 in Fighting
 13184 | Lair:1   | Learned a level 3 spell: Portal Projectile
 13304 | Lair:1   | Reached *** piety under Hepliaklqana
 13561 | Lair:1   | Noticed a spectral orc warlord
 13754 | D:8      | Killed Nergalle
 13853 | Lair:1   | Reached skill level 1 in Hexes
 13858 | Lair:1   | Reached skill level 1 in Spellcasting
 13858 | Lair:1   | Reached skill level 1 in Translocations
 13965 | Lair:2   | Noticed Gastronok
 13965 | Lair:2   | Found a runed translucent gate.
 14007 | Lair:2   | Found a runed translucent gate.
 14007 | Lair:2   | Found a runed translucent gate.
 14011 | Lair:2   | Noticed a minotaur
 14030 | Lair:2   | Noticed Frosty's ghost (journeyman GnNe)
 14233 | Lair:2   | Found a hole to the Spider Nest.
 14245 | Lair:2   | Found a staircase to the Swamp.
 14318 | Lair:2   | Noticed a five-headed hydra
 14327 | Lair:2   | Killed a five-headed hydra
 14377 | Lair:2   | Gained mutation: Your touch may inflict irresistible damage
                  | on your foes. [demonic ancestry]
 14377 | Lair:2   | Reached XP level 12. HP: 78/78 MP: 14/14
 14560 | Lair:2   | Killed Gastronok
 14826 | Lair:2   | Reached skill level 5 in Dodging
 14972 | Lair:2   | Noticed Erica
 14982 | Lair:2   | Killed Erica
 15557 | Lair:3   | Found a shimmering altar of Xom.
 15582 | Lair:3   | Reached **** piety under Hepliaklqana
 15585 | Lair:3   | Found the +9 sword of Power
 16095 | Lair:3   | Noticed a four-headed hydra
 16149 | Lair:3   | Killed a four-headed hydra
 16782 | Lair:4   | Identified the +0 spear of the Poles {antimagic, rN+}
 17046 | Lair:5   | Entered Level 5 of the Lair of Beasts
 17057 | Lair:5   | Found a viscous altar of Jiyva.
 17058 | Lair:5   | Found a staircase to the Slime Pits.
 17170 | Lair:5   | Reached XP level 13. HP: 88/88 MP: 18/18
 18231 | Lair:5   | Reached ***** piety under Hepliaklqana
 18581 | Lair:5   | Reached skill level 5 in Hexes
 18695 | Lair:5   | Noticed a spark wasp
 18699 | Lair:5   | a spark wasp changed into a satyr
 19575 | Lair:5   | Reached skill level 10 in Fighting
 19617 | Lair:5   | Identified the +3 hand axe "Embalmer" {protect, Str+4
                  | Stlth+}
 20448 | Lair:5   | Reached XP level 14. HP: 99/99 MP: 19/19
 20561 | Lair:5   | Found a corrupted altar of Lugonu.
 20561 | Lair:5   | Found a one-way gate to the infinite horrors of the Abyss.
 20728 | Lair:5   | Identified the +3 leather armour of the Goldsmith {Str+7
                  | Dex+4}
 21120 | D:11     | Noticed Psyche
 21323 | D:11     | Killed Psyche
 22540 | D:12     | Found a shimmering altar of Xom.
 23420 | Orc:1    | Entered Level 1 of the Orcish Mines
 23715 | Orc:1    | Found a transporter.
 23763 | Orc:1    | Found a transporter.
 23765 | Orc:1    | Noticed an orc warlord
 24537 | Orc:2    | Entered Level 2 of the Orcish Mines
 24644 | Orc:2    | Found a staircase to the Elven Halls.
 25607 | Orc:2    | Gained mutation: Spells you cast and wands you use may
                  | paralyse nearby enemies. [demonic ancestry]
 25607 | Orc:2    | Reached XP level 15. HP: 109/109 MP: 20/20
 25668 | Orc:2    | Found Loshrue's General Store.
 25669 | Orc:2    | Found Sawum's Specific Store.
 25677 | Orc:2    | Bought a scroll of blinking for 90 gold pieces
 25729 | Orc:2    | Found Muevaw's Distillery.
 25730 | Orc:2    | Found Umase's Book Shoppe.
 25730 | Orc:2    | Found Hololan's Antique Armour Shop.
 25730 | Orc:2    | Found Voiheadi's Weapon Emporium.
 25740 | Orc:2    | Bought a potion of heal wounds for 85 gold pieces
 25851 | Orc:2    | Bought a pair of embroidered gloves for 262 gold pieces
 25851 | Orc:2    | Bought a glowing cloak for 262 gold pieces
 26032 | D:7      | Found a runed translucent door.
 26033 | D:7      | Noticed Crazy Yiuf
 26038 | D:7      | Killed Crazy Yiuf
 26487 | D:4      | Noticed Dowan
 26493 | D:4      | Killed Dowan
 26494 | D:4      | Killed Duvessa
 26676 | D:5      | Killed Sigmund
 26853 | Swamp:1  | Entered Level 1 of the Swamp
 28602 | Swamp:2  | Noticed Mlioglotl
 28622 | Swamp:2  | Killed Mlioglotl
 28623 | Swamp:2  | Reached skill level 10 in Dodging
 28998 | Swamp:2  | You fall into a shaft and drop 1 floor!
 29318 | Swamp:2  | Identified the +1 quarterstaff "Ixoyboxt" {heavy, Int+7}
 29388 | Swamp:2  | Noticed a thorn hunter
 29402 | Swamp:2  | Killed a thorn hunter
 30153 | Swamp:3  | Noticed a thorn hunter
 30162 | Swamp:3  | Killed a thorn hunter
 30454 | Swamp:3  | Reached XP level 16. HP: 117/117 MP: 22/22
 30465 | Swamp:3  | Reached skill level 5 in Armour
 31200 | D:13     | Noticed Urug
 31204 | D:13     | Killed Urug
 31205 | D:13     | Reached skill level 1 in Invocations
 31641 | D:13     | Found a gate to the Vaults.
 32112 | D:13     | Found a bloodstained altar of Trog.
 32222 | D:13     | Found a portal to a secret trove of treasure.
 32957 | D:14     | Noticed Agnes
 33286 | D:14     | Reached skill level 5 in Invocations
 33686 | D:15     | Entered Level 15 of the Dungeon
 34138 | D:15     | Noticed Roxanne
 34591 | D:15     | Found a staircase to the Depths.
 34952 | D:15     | Reached ****** piety under Hepliaklqana
 35213 | D:15     | Killed Roxanne
 35228 | D:15     | Upgraded the game from 0.30-a0-570-g486de37d69 to
                  | 0.30-a0-575-g6f4a10e2d2
 35526 | Swamp:4  | Entered Level 4 of the Swamp
 35722 | Swamp:4  | Identified the +0 pair of boots of Damp Curiosity {rN+
                  | Str-4 Dex+3 Slay+3}
 35739 | Swamp:4  | Reached XP level 17. HP: 65/123 MP: 24/24
 36354 | Swamp:4  | Found a runed translucent gate.
 36354 | Swamp:4  | Found a runed translucent gate.
 36357 | Swamp:4  | Found a runed translucent gate.
 36357 | Swamp:4  | Noticed Olotiloxki's ghost (adept HOFi)
 36358 | Swamp:4  | Noticed PirateVox's ghost (adept GnRe)
 36358 | Swamp:4  | Noticed glosham's ghost (veteran KoHW)
 36358 | Swamp:4  | Noticed Cuunut's ghost (adept DjIE)
 36358 | Swamp:4  | Noticed Olotiloxki's ghost (adept HOFi)
 36646 | Swamp:4  | Noticed the 27-headed Lernaean hydra
 36662 | Swamp:4  | Killed the 27-headed Lernaean hydra
 37317 | Swamp:4  | Got a decaying rune of Zot
 37635 | Spider:1 | Entered Level 1 of the Spider Nest
 37814 | Spider:1 | Noticed Frances
 37819 | Spider:1 | Killed Frances
 37825 | Spider:1 | Identified the +4 war axe of the Spider {pain, Fly rF+
                  | Dex-4}
 37865 | Spider:1 | Noticed Josephine
 37867 | Spider:1 | Killed Josephine
 39593 | Spider:2 | Noticed Azrael
 39742 | Spider:2 | Killed Azrael
 40007 | Spider:3 | Gained mutation: You regenerate magic rapidly. [demonic
                  | ancestry]
 40007 | Spider:3 | Reached XP level 18. HP: 129/129 MP: 25/25
 40605 | Spider:4 | Entered Level 4 of the Spider Nest
 40883 | Spider:3 | Reached skill level 10 in Invocations
 41028 | Spider:4 | Found a frozen archway.
 41047 | IceCv    | Entered an ice cave
 41546 | IceCv    | Noticed an Ice Fiend
 41555 | IceCv    | Killed an Ice Fiend
 41598 | IceCv    | Noticed an Ice Fiend
 41607 | IceCv    | Killed an Ice Fiend
 42176 | IceCv    | Found the +8 frozen axe "Frostbite" {freezing cloud, *Noise
                  | Fly rC+}
 42352 | Spider:4 | Found a runed translucent gate.
 42352 | Spider:4 | Found a runed translucent gate.
 42357 | Spider:4 | Found a runed translucent gate.
 42359 | Spider:4 | Noticed Deveroux's ghost (adept MfMo)
 44270 | Spider:4 | Reached skill level 15 in Fighting
 44364 | Spider:4 | Identified the +0 hat "Vuiph" {rPois rF- Str+5}
 44377 | Spider:4 | Got a gossamer rune of Zot
 44713 | Spider:4 | Killed Deveroux's ghost
 44722 | Spider:4 | Gained mutation: When hurt, damage is shared between your
                  | health and your magic reserves. [demonic ancestry]
 44722 | Spider:4 | Reached XP level 19. HP: 139/139 MP: 28/28
 44934 | Spider:4 | Identified the ring "Sekiy" {Fire Dex+4}
 44938 | Spider:4 | Identified the +2 hand axe "Salon" {venom, rCorr Str+3}
 45274 | Vaults:1 | Entered Level 1 of the Vaults
 45403 | Vaults:1 | Got the Quarto of Lofty Intoxication
 45416 | Vaults:1 | Learned a level 1 spell: Apportation
 46028 | Vaults:1 | Found Mihontes's Jewellery Shoppe.
 46035 | Vaults:1 | Bought the ring "Boatyjiy" {Will+++ MP+9} for 1045 gold
                  | pieces
 47252 | Vaults:2 | Found a crumbling gateway.
 47275 | Vaults:2 | Identified the +3 great mace "Kilyargh" {venom, rElec rF+
                  | rN+}
 47299 | Desolati | Entered the Desolation of Salt
 47435 | Desolati | Reached skill level 15 in Dodging
 47677 | Desolati | Got the Papyrus of the Sandy Comitatus
 47733 | Desolati | Identified the +0 plate armour "Hutazyux" {Regen+}
 47742 | Desolati | Got the Monograph on Congelation and the Salvo
 47838 | Desolati | Identified the ring of Jymuesm {Will++ rCorr AC+4}
 47841 | Desolati | Identified the ring of Piacybiy {Fly rC- Dex+3 Stlth+}
 47998 | Desolati | Identified the amulet "Meusk" {Spirit rPois Str-5 Dex+5}
 48001 | Desolati | Got the Compilation of Concussion and the Swarm
 48010 | Desolati | Got the Vellum of Unhallowed Magic
 48439 | Vaults:2 | Found a staircase to the Crypt.
 48862 | Vaults:2 | Noticed Saint Roka
 48889 | Vaults:2 | Killed Saint Roka
 48890 | Vaults:2 | Gained mutation: Your touch may irresistibly damage your
                  | foes and sap their willpower. [demonic ancestry]
 48890 | Vaults:2 | Reached XP level 20. HP: 88/154 MP: 21/29
 50458 | Vaults:3 | Found a runed translucent gate.
 50458 | Vaults:3 | Found a runed translucent gate.
 50458 | Vaults:3 | Noticed Ijustatesigmund's ghost (veteran KoGl)
 50459 | Vaults:3 | Found a runed translucent gate.
 50481 | Vaults:3 | Killed Ijustatesigmund's ghost
 52094 | Vaults:4 | Found Mikhloro's Antique Weapon Boutique.
 52138 | Vaults:4 | Found the +5 glaive of the Guard {elec, spectral, AC+5}
 52349 | Vaults:4 | Reached XP level 21. HP: 138/166 MP: 24/30
 52718 | Vaults:4 | Upgraded the game from 0.30-a0-575-g6f4a10e2d2 to
                  | 0.30-a0-576-g89cddaab80
 53017 | Elf:1    | Entered Level 1 of the Elven Halls
 53264 | Elf:1    | Found Lumuan's Weapon Boutique.
 54541 | Elf:2    | Found a runed translucent gate.
 54542 | Elf:2    | Found a runed translucent gate.
 54542 | Elf:2    | Found a runed translucent gate.
 54946 | Elf:3    | Entered Level 3 of the Elven Halls
 55020 | Elf:3    | Paralysed by an air elemental for 1 turns
 55024 | Elf:3    | Paralysed by an air elemental for 1 turns
 55028 | Elf:3    | Paralysed by an air elemental for 1 turns
 55171 | Elf:3    | Identified the ring "Nuwiw" {rC+ rCorr Str-2 Slay+3}
 55338 | Elf:3    | Found Aleuscheo's Jewellery Shoppe.
 55338 | Elf:3    | Found Ygaeton's Book Shop.
 55339 | Elf:3    | Found Daisu Ileja's Book Shop.
 55692 | Elf:3    | Identified the +2 troll leather armour of Utuopok {Harm
                  | rElec Will- Regen+ Str-2}
 55698 | Elf:3    | Identified the +10 trident of the Singing Gods {protect,
                  | Str+7}
 55851 | Elf:3    | Found a huge runed translucent gate.
 55851 | Elf:3    | Found a huge runed translucent gate.
 55851 | Elf:3    | Found a huge runed translucent gate.
 55851 | Elf:3    | Found a huge runed translucent gate.
 55851 | Elf:3    | Found a huge runed translucent gate.
 55851 | Elf:3    | Found a huge runed translucent gate.
 55851 | Elf:3    | Found a huge runed translucent gate.
 55851 | Elf:3    | Found a huge runed translucent gate.
 55894 | Elf:3    | Identified the +7 spear of Vugh {spect, Int+3}
 55894 | Elf:3    | Identified the +1 leather armour of the Swan {rCorr}
 56117 | Elf:3    | Identified the +3 double sword of Fureuge {elec, Will+
                  | Int-4 Dex+2}
 56120 | Elf:3    | Identified the +9 double sword "Diodgh" {spect, rC+ Int+9
                  | Dex+3 Stlth-}
 56352 | Elf:3    | Got the Vademecum on Toxicity
 56842 | Elf:2    | Gained mutation: Your hexes are more powerful. [demonic
                  | ancestry]
 56842 | Elf:2    | Reached XP level 22. HP: 144/178 MP: 25/31
 57366 | Lair:2   | Killed Frosty's ghost
 57648 | Depths:1 | Entered Level 1 of the Depths
 57921 | Depths:1 | Noticed a caustic shrike
 57921 | Depths:1 | Noticed a juggernaut
 57932 | Depths:1 | Killed a caustic shrike
 57934 | Depths:1 | Killed a juggernaut
 58511 | Depths:1 | Found a gateway to Hell.
 58793 | Depths:1 | Found a one-way gate leading to the halls of Pandemonium.
 59097 | Depths:1 | Found a stormy altar of Qazlal.
 59415 | Depths:1 | Found a hide-covered altar of Uskayaw.
 59767 | Depths:2 | Learned a level 4 spell: Passage of Golubria
 59990 | Depths:2 | Found the +3 greatsling "Punk" {acid, rCorr}
 60023 | Depths:2 | Gained mutation: Your melee attacks may debilitate your
                  | foes. [demonic ancestry]
 60023 | Depths:2 | Reached XP level 23. HP: 129/188 MP: 26/32
 60775 | Depths:3 | Noticed Mara
 60781 | Depths:3 | Killed Mara
 60966 | Depths:3 | Identified the +0 chain mail of the Orb Guardian {*Slow
                  | rC++ Int+9 Dex-5}
 61758 | Depths:3 | Identified the +7 flail of Circularity {holy, rN+}
 61852 | Depths:3 | You fall into a shaft and drop 1 floor!
 61852 | Depths:4 | Entered Level 4 of the Depths
 62150 | Depths:3 | Identified the +7 war axe of Ascent {freeze, Str+5}
 62276 | Depths:3 | Identified the +3 robe of Broken Taboos {rElec rF+ Str-2}
 62545 | Depths:3 | Found Wuray's Self-Improvement Boutique.
 62560 | Depths:3 | Bought a manual of Invocations for 1680 gold pieces
 62560 | Depths:3 | Bought a manual of Hexes for 1680 gold pieces
 63819 | Depths:4 | Found a one-way gateway to a ziggurat.
 64043 | Depths:4 | Noticed a caustic shrike
 64043 | Depths:4 | Noticed a caustic shrike
 64043 | Depths:4 | Noticed a caustic shrike
 64043 | Depths:4 | Noticed a caustic shrike
 64043 | Depths:4 | Noticed a caustic shrike
 64047 | Depths:4 | Killed a caustic shrike
 64048 | Depths:4 | Killed a caustic shrike
 64051 | Depths:4 | Killed a caustic shrike
 64052 | Depths:4 | Killed a caustic shrike
 64057 | Depths:4 | Killed a caustic shrike
 64170 | Depths:4 | Noticed Louise
 64176 | Depths:4 | Killed Louise
 64331 | Depths:4 | Reached skill level 15 in Invocations
 64394 | Depths:4 | Reached XP level 24. HP: 195/195 MP: 34/34
 64486 | Depths:4 | Reached skill level 10 in Hexes
 64601 | Depths:4 | Found a gate to the Realm of Zot.
 64656 | Depths:4 | Found a runed translucent gate.
 64657 | Depths:4 | Found a runed translucent gate.
 64657 | Depths:4 | Found a runed translucent gate.
 64669 | Depths:4 | Found the +3 pair of mountain boots {steadfast, rC+}
 65412 | Slime:1  | Entered Level 1 of the Pits of Slime
 65416 | Slime:1  | Gained mutation: You are frail. (-10% HP) [a shining eye]
 65653 | Slime:2  | Gained mutation: You are very frail. (-20% HP) [a shining
                  | eye]
 65655 | Slime:2  | Lost mutation: You are very frail. (-20% HP) [a shining
                  | eye]
 65721 | Slime:2  | Reached skill level 15 in Hexes
 65854 | Slime:5  | Entered Level 5 of the Pits of Slime
 66079 | Slime:5  | Noticed the Royal Jelly
 66088 | Slime:5  | Killed the Royal Jelly
 66402 | Slime:5  | Got a slimy rune of Zot
 66403 | Slime:5  | Identified the ring of Plog {rPois rF+ Str+3}
 66410 | Slime:5  | Identified the +8 great sword of the Egg {antimagic, rC+
                  | rCorr Int+2}
 66431 | Slime:5  | Learned a level 3 spell: Inner Flame
 66437 | Slime:5  | Learned a level 5 spell: Yara's Violent Unravelling
 66442 | Slime:5  | Learned a level 4 spell: Cause Fear
 66454 | Slime:5  | Learned a level 8 spell: Discord
 66463 | Slime:5  | Identified the +0 pair of boots of the Wilderness {rN+
                  | Will+ Dex+3 Slay-3}
 66470 | Slime:5  | Identified the +3 robe "Hoipees" {rElec Regen+ Str+4 Dex+4}
 66981 | Crypt:1  | Entered Level 1 of the Crypt
 67595 | Crypt:1  | Found an ancient bone altar of Kikubaaqudgha.
 67999 | Crypt:2  | Noticed Sojobo
 68006 | Crypt:2  | Gained mutation: You are surrounded by an aura of silence.
                  | [demonic ancestry]
 68006 | Crypt:2  | Reached XP level 25. HP: 178/178 MP: 34/34
 68011 | Crypt:2  | Killed Sojobo
 68185 | Crypt:2  | Noticed Xtahua
 68189 | Crypt:2  | Killed Xtahua
 68338 | Crypt:2  | Noticed Jory
 68344 | Crypt:2  | Killed Jory
 68819 | Crypt:3  | Entered Level 3 of the Crypt
 68848 | Crypt:3  | Noticed Grunn
 69438 | Crypt:3  | Noticed Vv
 69445 | Crypt:3  | Killed Vv
 70258 | Crypt:3  | Killed Grunn
 70270 | Crypt:3  | Identified the ring "Geczaig" {rElec rC+++ rN+ Str+5 Dex-4}
 70416 | Crypt:3  | Noticed Frederick
 70420 | Crypt:3  | Killed Frederick
 70530 | Crypt:3  | Upgraded the game from 0.30-a0-576-g89cddaab80 to
                  | 0.30-a0-583-g19bae12e61
 70723 | Crypt:3  | Found a staircase to the Tomb.
 70949 | Crypt:3  | Found an ancient bone altar of Kikubaaqudgha.
 70953 | Crypt:3  | Found a basalt altar of Yredelemnul.
 70963 | Crypt:3  | Identified the amulet of Teugueh {Regen+ rCorr Str-5 Int+6}
 70963 | Crypt:3  | Identified the ring of Irifrewn {rN+ Str+2 Stlth+}
 71674 | Orc:1    | Reached skill level 1 in Evocations
 71704 | Orc:1    | Got the Catalogue of the Snowflakes and Battle Magic
 72119 | Vaults:5 | Entered Level 5 of the Vaults
 72125 | Vaults:5 | Reached skill level 5 in Spellcasting
 72184 | Vaults:5 | Reached skill level 5 in Evocations
 72412 | Vaults:5 | Identified the +1 robe of the Guardian {rF+}
 72453 | Vaults:5 | Gained mutation: When low on magic, you restore magic in
                  | place of health. [demonic ancestry]
 72453 | Vaults:5 | Reached XP level 26. HP: 184/184 MP: 34/34
 72453 | Vaults:5 | Lost mutation: You are frail. (-10% HP) [potion of
                  | mutation]
 72453 | Vaults:5 | Lost mutation: You are weak. (Str -2) [potion of mutation]
 72453 | Vaults:5 | Gained mutation: Your flesh is heat resistant. (rF+)
                  | [potion of mutation]
 72453 | Vaults:5 | Gained mutation: You have a pair of small horns on your
                  | head. [potion of mutation]
 72454 | Vaults:5 | Lost mutation: You have a pair of small horns on your head.
                  | [potion of mutation]
 72454 | Vaults:5 | Lost mutation: Your flesh is heat resistant. (rF+) [potion
                  | of mutation]
 72454 | Vaults:5 | Gained mutation: Your mind is acute. (Int +4, Str/Dex -1)
                  | [potion of mutation]
 72454 | Vaults:5 | Gained mutation: You are occasionally teleported next to
                  | monsters. [potion of mutation]
 72454 | Vaults:5 | Gained mutation: You have a pair of small horns on your
                  | head. [potion of mutation]
 72455 | Vaults:5 | Lost mutation: You are occasionally teleported next to
                  | monsters. [potion of mutation]
 72455 | Vaults:5 | Lost mutation: Your mind is acute. (Int +4, Str/Dex -1)
                  | [potion of mutation]
 72455 | Vaults:5 | Gained mutation: Your system is resistant to poisons.
                  | (rPois) [potion of mutation]
 72455 | Vaults:5 | Gained mutation: Your spells are a little harder to cast,
                  | but a little more powerful. [potion of mutation]
 72778 | Vaults:5 | Identified the amulet of the Catamount {Acrobat Fragile
                  | rElec rC+++ Int+4}
 73014 | Vaults:5 | Identified the ring of the Ant {+Blink rC- rN+++ rCorr
                  | Stlth+}
 73056 | Vaults:5 | Identified the +4 ring mail of Voynt {-Cast rElec rF+}
 73237 | Vaults:5 | Identified the +10 plate armour of the Solstice {rCorr
                  | MP+9}
 73241 | Vaults:5 | Identified the +1 spear of Yweo {heavy, Stlth+}
 73298 | Vaults:5 | Identified the +6 scimitar "Gepun" {protect, rElec Str+2
                  | Int-4 Dex+3 Stlth+}
 73498 | Vaults:5 | Learned a level 5 spell: Metabolic Englaciation
 73580 | Vaults:5 | Got a silver rune of Zot
 74480 | Zot:1    | Entered Level 1 of the Realm of Zot
 74810 | Orc:2    | Bought a book of Misfortune for 392 gold pieces
 74818 | Orc:2    | Learned a level 7 spell: Enfeeble
 75853 | Zot:1    | Reached skill level 10 in Spellcasting
 75945 | Zot:2    | Found a transporter.
 76034 | Zot:2    | Found a transporter.
 76038 | Zot:2    | Found a transporter.
 76039 | Zot:2    | Found a transporter.
 76040 | Zot:2    | Found a transporter.
 76132 | Zot:2    | Found a transporter.
 76419 | Zot:3    | Learned a level 4 spell: Leda's Liquefaction
 76538 | Zot:3    | Reached XP level 27. HP: 214/214 MP: 33/38
 77560 | Zot:4    | Noticed an ancient lich
 77563 | Zot:4    | Killed an ancient lich
 78432 | Zot:5    | Entered Level 5 of the Realm of Zot
 79003 | Zot:5    | Noticed an orb of fire
 79009 | Zot:5    | Killed an orb of fire
 79071 | Zot:5    | Noticed an orb of fire
 79080 | Zot:5    | Killed an orb of fire
 79256 | Zot:5    | Noticed an orb of fire
 79258 | Zot:5    | Gained mutation: You are vulnerable to heat. (rF-) [an orb
                  | of fire]
 79262 | Zot:5    | Killed an orb of fire
 79263 | Zot:5    | Lost mutation: Your system is resistant to poisons. (rPois)
                  | [potion of mutation]
 79263 | Zot:5    | Lost mutation: Your spells are a little harder to cast, but
                  | a little more powerful. [potion of mutation]
 79263 | Zot:5    | Lost mutation: You have a pair of small horns on your head.
                  | [potion of mutation]
 79263 | Zot:5    | Gained mutation: You are robust. (+10% HP) [potion of
                  | mutation]
 79264 | Zot:5    | Lost mutation: You are vulnerable to heat. (rF-) [potion of
                  | mutation]
 79264 | Zot:5    | Lost mutation: You are robust. (+10% HP) [potion of
                  | mutation]
 79264 | Zot:5    | Gained mutation: Your mind is acute. (Int +4, Str/Dex -1)
                  | [potion of mutation]
 79325 | Zot:5    | Noticed an orb of fire
 79328 | Zot:5    | Gained mutation: Your magical capacity is low. (-10% MP)
                  | [an orb of fire]
 79332 | Zot:5    | Killed an orb of fire
 79434 | Zot:5    | Noticed an orb of fire
 79440 | Zot:5    | Gained mutation: Potions are less effective at restoring
                  | your health. [an orb of fire]
 79441 | Zot:5    | Gained mutation: Your body sometimes deteriorates upon
                  | taking damage. [an orb of fire]
 79442 | Zot:5    | Killed an orb of fire
 79810 | Zot:5    | Noticed an orb of fire
 79817 | Zot:5    | Killed an orb of fire
 80036 | Zot:5    | Noticed an orb of fire
 80045 | Zot:5    | Killed an orb of fire
 80050 | Zot:5    | Noticed a dread lich
 80051 | Zot:5    | Killed a dread lich
 80328 | Zot:5    | Lost mutation: Potions are less effective at restoring your
                  | health. [potion of mutation]
 80328 | Zot:5    | Lost mutation: Your mind is acute. (Int +4, Str/Dex -1)
                  | [potion of mutation]
 80328 | Zot:5    | Gained mutation: You are strong-willed. (Will+) [potion of
                  | mutation]
 80328 | Zot:5    | Gained mutation: You occasionally shout uncontrollably at
                  | your foes. [potion of mutation]
 80328 | Zot:5    | Gained mutation: You are somewhat resistant to further
                  | mutation. [potion of mutation]
 80329 | Zot:5    | Lost mutation: You occasionally shout uncontrollably at
                  | your foes. [potion of mutation]
 80329 | Zot:5    | Lost mutation: You are somewhat resistant to further
                  | mutation. [potion of mutation]
 80329 | Zot:5    | Gained mutation: You occasionally lose the ability to read
                  | scrolls when taking damage. [potion of mutation]
 80329 | Zot:5    | Lost mutation: Your magical capacity is low. (-10% MP)
                  | [potion of mutation]
 80342 | Zot:5    | Got the Orb of Zot
 80402 | Zot:4    | Noticed Oheim the pandemonium lord
 80411 | Zot:4    | Killed Oheim the pandemonium lord
 80440 | Zot:4    | Noticed Zulem the pandemonium lord
 80444 | Zot:4    | Killed Zulem the pandemonium lord
 80904 | D:$      | Escaped with the Orb!

Illustrated notes

Levels and vault maps discovered:
D:1:      mrwooster_arrival_statue, layout_basic
D:2:      layout_basic
D:3:      layout_loops_ring, mainiacjoe_overflow_brackets,
          nicolae_ecumenical_snake_handling, minmay_pentomino_pile, uniq_natasha
D:4:      gammafunk_wand_slinger, layout_basic,
          mainiacjoe_overflow_concentric_impassable, uniq_ijyb, uniq_duvessa,
          uniq_eustachio
D:5:      layout_basic, cheibrodos_sewer_entry_bend, minmay_misc_feat_diagonals,
          serial_bayou_ford_a, uniq_sigmund
D:6:      layout_basic, kennysheep_mini_moat, minmay_temple_entry_water_ring
D:7:      kennysheep_six_static_rooms, layout_basic, general_overflow_altar,
          minmay_tree_intersection, uniq_maggie, uniq_crazy_yiuf_cottage,
          uniq_menkaure
D:8:      kennysheep_blocky_room, layout_loops_ring, minmay_lair_entry_grove,
          uniq_maurice
D:9:      layout_cave_pods, zin_angel, lemuel_round_altar,
          kennysheep_orc_monster_closet_entryway
D:10:     layout_basic, mainiacjoe_overflow_paths
D:11:     layout_loops_ring, reono_crystal_passage, grunt_tough_drop,
          uniq_psyche
D:12:     layout_basic, minmay_ruined_shrine
D:13:     layout_rooms, david_vaults_1, enter_trove_6, tgw_trog, uniq_urug
D:14:     layout_roguey, uniq_agnes
D:15:     hangedman_depths_entry_try_elsewhere_first, layout_stronghold,
          nicolae_tso_swordbearing_angel, uniq_roxanne
Temple:   eino_wide_crystal_templ
Lair:1:   layout_concentric_octagons, uniq_nergalle
Lair:2:   kb_forest_paths, layout_regular_city, swamp_mist_pool,
          spider_nest_entry_web_field, maelrawn_ghost_gauntlet_escape,
          beast_lair_carwin_3, uniq_erica, uniq_gastronok
Lair:3:   layout_hall_layers, basic_altar, minmay_shattered_shrine,
          infiniplex_staircase_pool
Lair:4:   layout_misc_corridors, serial_bayou_shore_b
Lair:5:   hellmonk_lair_end_abyssal_woods, layout_cave_pods,
          nicolae_slime_entry_slimehenge
Swamp:1:  nicolae_swamp_ascending_descending, layout_falls_marsh,
          evilmike_swamp_ruin_house_1
Swamp:2:  layout_basic_swamp, hangedman_swamp_ruin_wall, swamp_pool2,
          nicolae_swamp_soggy_hallways, uniq_mlioglotl
Swamp:3:  nicolae_swamp_standing_stones, layout_basic_swamp,
          nicolae_swamp_triple_paths
Swamp:4:  swamp_old_school, layout_basic_swamp, gammafunk_ghost_cemetery,
          swamp_pool3, nicolae_swamp_wisp_ring_woods
Spider:1: layout_chambers, hangedman_spider_tarantella_strand, uniq_josephine,
          uniq_frances
Spider:2: layout_spider_delve, uniq_azrael
Spider:3: layout_spider_delve, nicolae_spider_rock_and_or_roll
Spider:4: floodkiller_spider_rune_tomb, gammafunk_ghost_necromancy,
          portal_ice_cave_entry_ugly_swarm
Slime:1:  layout_caves
Slime:2:  layout_caves
Slime:3:  layout_caves, basic_altar
Slime:4:  layout_caves
Slime:5
Orc:1:    gammafunk_beogh_shrine, layout_diamond_mine, basic_altar
Orc:2:    st_orc_ogre_mass, layout_caves, nicolae_specific_store
Elf:1:    elf_arrival_002, layout_geoelf_octagon, serial_shops,
          nicolae_shop_advertising_works [nicolae_subvault_shop_adworks],
          minmay_elf_crystal_heptagon, corexii_checkpoint_b,
          minmay_misc_feat_five
Elf:2:    nicolae_elf_blades_crystal_corner, layout_loops_corners,
          nicolae_elf_deep_mausoleum
Elf:3:    grunt_elf_hall_spiral, layout_onion_city,
          nicolae_elf_double_double_double_trouble, minmay_shop_grove
Vaults:1: v_misc_33, st_smaller_cells, v_misc_25, vaults_room_fours,
          layout_vaults_quadrants, serial_shops, shop_statue
Vaults:2: portal_desolation_entry_salt, hangedman_vaults_variations,
          ontoclasm_vaults_shuriken, minmay_crypt_entry_simple_round,
          hangedman_vaults_stretched_pinwheel, nicolae_vaults_angled_halls,
          dpeg_vaults_monster_row, nicolae_vaults_network_periphery,
          vaults_room_hangedman_quadrants, vaults_dpeg_doors,
          layout_vaults_big_room, uniq_margery, uniq_saint_roka
Vaults:3: ebering_ghost_rock_garden, v_misc_11, ontoclasm_vaults_misaligned,
          hangedman_vaults_nails, nicolae_vaults_circle_grid_a,
          nicolae_vaults_little_ls, hangedman_vaults_river_flow,
          ontoclasm_vaults_loading_screen, hangedman_vaults_maws,
          nicolae_vaults_circle_grid_a, nicolae_vaults_asterisk,
          vaults_dpeg_hooks, layout_vaults_ring
Vaults:4: minmay_guarded_unrand_guard_vaults, v_misc_31, v_rooms_4, v_misc_29,
          v_misc_16, v_misc_12, serial_ice_h,
          nicolae_vaults_windows_and_doors_thing, v_misc_24,
          ontoclasm_vaults_idyll, ontoclasm_vaults_decontamination,
          layout_vaults_omnicross, serial_shops,
          nicolae_shop_competitors_out_of_business
Vaults:5
Crypt:1:  cheibrodos_crypt_eye_of_stone, layout_regular_city,
          grunt_megastairs_3, grunt_crypt_arrival_webbed
Crypt:2:  layout_regular_city, tombwall_bobbens, grunt_megastairs_4,
          lemuel_elevator, lemuel_upstairs_altar, uniq_jory, uniq_sojobo,
          uniq_xtahua, uniq_josephina
Crypt:3:  lightli_unholy_cathedral, layout_chaotic_city,
          nicolae_tomb_entry_unfolded_pyramid_diagonal, uniq_grunn, uniq_vv,
          uniq_frederick
Depths:1: minmay_the_grid_octo_tiled_octocenter
          [minmay_the_grid_octo_fan_narrow, minmay_the_grid_octo_toaster,
          minmay_the_grid_octo_vomiting_pacman, minmay_the_grid_octo_horde,
          minmay_the_grid_octo_prize_star, minmay_the_grid_square_5x5_inner_i,
          minmay_the_grid_square_5x5_two_small,
          minmay_the_grid_square_5x5_sharp_hourglass,
          minmay_the_grid_square_5x5_broken_cross], layout_small_grid,
          hell_entry, nicolae_uskayaw_dance_hall, grunt_pan_entry_spiral,
          kennysheep_generic_room_8
Depths:2: minmay_eyes, layout_gridlike, hell_entry, grunt_pan_entry_sceptre,
          abyss_entry
Depths:3: minmay_spiral_squares, layout_basic, grunt_mini_vestibule,
          bh_walls_and_bars, abyss_entry, nicolae_shop_self_help, firewood_loft,
          uniq_mara
Depths:4: grunt_zot_entry_gee_three, layout_gridlike, enter_ziggurat_e,
          chequers_serial_rivers_marsh, nicolae_abyss_entry_one_way_or_another,
          hell_entry, pandoras_box_mu
Zot:1:    layout_misc_corridors
Zot:2:    layout_misc_corridors, serial_nicolae_subway,
          nicolae_sub_station_metal, nicolae_sub_station_crystal,
          nicolae_sub_station_stone
Zot:3:    layout_gridlike
Zot:4:    layout_cellular_growth, nzn_random_ring
Zot:5:    layout_basic

Skill      XL: |  1  2  3  4  5  6  7  8  9 10 11 12 13 14 15 16 17 18 19 20 21 22 23 24 25 26 27 |
---------------+----------------------------------------------------------------------------------+-----
Ranged Weapons | 4 5 6 8 11 13 15 16 17 18 19 21 22 23 | 23.4
Armour         | 1 4 7 |  7.0
Dodging        | 2 4 6 7 8 11 14 15 16 17 20 22 23 | 23.0
Fighting       | 3 5 8 10 12 13 15 18 20 22 24 25 | 25.5
Hexes          | 2 4 5 9 18 22 23 25 | 25.2
Spellcasting   | 1 3 4 5 11 12 | 12.0
Translocations | 1 3 4 |  4.7
Invocations    | 6 12 15 | 15.0
Evocations     | 6 8 |  8.0
Stealth        | |  0.8

Action                   |  1- 3 |  4- 6 |  7- 9 | 10-12 | 13-15 | 16-18 | 19-21 | 22-24 | 25-27 || total
-------------------------+-------+-------+-------+-------+-------+-------+-------+-------+-------++-------
 Fire: Shortbow          |    95 |   255 |   311 |   638 |  1265 |   319 |       |       |       ||  2883
       Longbow           |       |       |   121 |    36 |    42 |  1047 |  1137 |  1284 |  1389 ||  5056
 Cast: Portal Projectile |       |       |       |       |     2 |     1 |     3 |     2 |     3 ||    11
       Discord           |       |       |       |       |       |       |       |       |     9 ||     9
       Enfeeble          |       |       |       |       |       |       |       |       |    10 ||    10
Invok: Recall Ancestor   |       |       |       |     4 |     6 |     3 |     1 |     3 |     3 ||    20
       Ancestor Life: Ba |       |       |       |     1 |       |       |       |       |       ||     1
       Idealise          |       |       |       |       |       |     1 |       |       |       ||     1
Evoke: Wand              |       |       |    10 |       |       |     1 |       |     1 |       ||    12
  Use: Scroll            |       |     7 |     7 |     9 |    13 |    10 |    13 |     5 |     2 ||    66
       Potion            |       |     1 |    12 |       |     5 |     6 |     5 |       |     8 ||    37
Armor: Leather armour    |     8 |    38 |    86 |    54 |    76 |    12 |       |       |       ||   274
       Skin              |       |       |     3 |       |       |       |       |       |       ||     3
       Swamp dragon scal |       |       |       |       |    56 |   115 |       |       |       ||   171
       Robe              |       |       |       |       |       |       |    55 |    55 |    35 ||   145
Dodge: Dodged            |    35 |    70 |   169 |    98 |   209 |   576 |   299 |   590 |   664 ||  2710
Block: Other             |     4 |    33 |    86 |    36 |    63 |   120 |    64 |    72 |    31 ||   509
       Reflection        |       |     1 |     9 |     1 |       |     9 |    17 |     2 |     1 ||    40

Table legend: (Time is in decaauts)
 A = Elapsed time spent in this place.
 B = Non-inter-level travel time spent in this place.
 C = Inter-level travel time spent in this place.
 D = Time resting spent in this place.
 E = Time spent auto-exploring this place.
 F = Levels seen in this place.
 G = Mean time per level.
                   A        B        C        D        E       F      G
               +--------+--------+--------+--------+--------+-----+--------+
         Total |  80974 |  71258 |   9716 |  19702 |  36205 |  59 | 1372.4 |
       Dungeon |  23106 |  18312 |   4794 |   4424 |  10454 |  15 | 1540.4 |
        Temple |     67 |     41 |     26 |      0 |     31 |   1 |   67.0 |
          Lair |   8806 |   7647 |   1159 |   2498 |   3709 |   5 | 1761.2 |
         Swamp |   6668 |   6165 |    503 |   2428 |   2648 |   4 | 1667.0 |
   Spider Nest |   6260 |   5985 |    275 |   2348 |   2016 |   4 | 1565.0 |
    Slime Pits |   1220 |   1157 |     63 |    627 |      0 |   5 |  244.0 |
  Orcish Mines |   2643 |   2189 |    454 |    769 |    848 |   2 | 1321.5 |
   Elven Halls |   4349 |   3954 |    395 |    857 |   2457 |   3 | 1449.7 |
        Vaults |   8052 |   7196 |    856 |   1076 |   4399 |   5 | 1610.4 |
         Crypt |   4166 |   3972 |    194 |   1389 |   1755 |   3 | 1388.7 |
        Depths |   7620 |   6995 |    625 |    827 |   4826 |   4 | 1905.0 |
           Zot |   5310 |   4943 |    367 |   1523 |   2208 |   5 | 1062.0 |
         Sewer |    612 |    612 |      0 |      0 |    403 |   1 |  612.0 |
      Ice Cave |   1243 |   1243 |      0 |    752 |     77 |   1 | 1243.0 |
    Desolation |    847 |    847 |      0 |    178 |    372 |   1 |  847.0 |
               +--------+--------+--------+--------+--------+-----+--------+

Top non-repeatable levels by time:
Depths:3: 3142 daAuts
  Lair:5: 2957 daAuts
Spider:4: 2846 daAuts
     D:8: 2677 daAuts
     D:7: 2320 daAuts
     D:9: 2067 daAuts
 Crypt:3: 2019 daAuts
   Elf:3: 1945 daAuts
    D:13: 1944 daAuts
Vaults:4: 1941 daAuts
   Zot:5: 1873 daAuts
 Swamp:3: 1868 daAuts
Depths:1: 1836 daAuts
    D:15: 1810 daAuts
 Swamp:4: 1804 daAuts
